 Dungeon Crawl Stone Soup version 0.31-a0-187-gba352fbbf7 (webtiles) character file.

Game seed: 2107388363624025503

219 qw the Skirmisher (level 5, -4/29 HPs)
             Began as a Deep Elf Hunter on June 22, 2023.
             Slain by an iguana (9 damage)
             ... on level 4 of the Dungeon.
             The game lasted 00:00:51 (2294 turns).

qw the Skirmisher (Deep Elf Hunter)                 Turns: 2294, Time: 00:00:52

Health: -4/29      AC: 11    Str: 10    XL:     5   Next: 63%
Magic:  7/7        EV: 12    Int: 14    God:
Gold:   131        SH:  0    Dex: 24    Spells: 4/4 levels left

rFire   . . .        Y - +0 shortbow
rCold   . . .        (shield currently unavailable)
rNeg    . . .        d - +0 ring mail
rPois   .            (no helmet)
rElec   .            k - +0 cloak
rCorr   .            f - +0 pair of gloves
SInv    .            (no boots)
Will    .....        (no amulet)
Stlth   ++           g - +6 ring of dexterity
HPRegen 0.24/turn    e - +4 ring of protection
MPRegen 0.10/turn

%: no passive effects
@: about to teleport
A: no striking features
a: no special abilities


You were on level 4 of the Dungeon.
You visited 1 branch of the dungeon, and saw 4 of its levels.

You collected 131 gold pieces.


   Skills:
 - Level 1.5 Fighting
 + Level 8.9 Ranged Weapons
 - Level 3.1 Dodging
 - Level 1.2 Stealth


You had 4 spell levels left.
You didn't know any spells.
Your spell library was empty.

Inventory:

Hand Weapons
 Y - a +0 shortbow (weapon)
Armour
 d - a +0 ring mail (worn)
 f - a +0 pair of gloves (worn)
 k - a +0 cloak (worn)
Jewellery
 e - a +4 ring of protection (right hand)
 g - a +6 ring of dexterity (left hand)
Scrolls
 a - a scroll of teleportation
 h - 2 scrolls of identify
Potions
 b - a potion of haste
 c - a potion of mutation
 i - a potion of heal wounds {unknown}
 j - a potion of curing
 l - a potion of magic {unknown}

Dungeon Overview and Level Annotations

Branches:
Dungeon (4/15)
 Temple: D:4-7

Altars:


Message History

(D) Dungeon
Where to? (* - list waypoints, Enter - D:4, ? - help)
What level of the Dungeon? (default 1, ? - help)
You climb downwards.
There is a stone staircase leading up here.
h - 2 scrolls of identify (gained 1)
An iguana comes into view.
Found a stone staircase leading down.
You shoot an arrow.
The arrow hits the iguana but does no damage.
The iguana hisses angrily.
You shoot an arrow. The arrow hits the iguana.
The iguana is lightly wounded.
You shoot an arrow. The arrow barely misses the iguana.
The iguana bites you!
You shoot an arrow. The arrow hits the iguana!
The iguana is heavily wounded.
The iguana barely misses you.
You shoot an arrow.
The arrow hits the iguana but does no damage.
The iguana is heavily wounded.
The iguana bites you.
You shoot an arrow.
The arrow hits the iguana but does no damage.
The iguana is heavily wounded.
The iguana bites you but does no damage.
You shoot an arrow.
The arrow hits the iguana but does no damage.
The iguana is heavily wounded.
The iguana bites you.
You shoot an arrow. The arrow hits the iguana.
The iguana is almost dead.
The iguana misses you.
You shoot an arrow. The arrow barely misses the iguana.
The iguana bites you.
2294 ||| READING 2 scrolls of teleportation.
As you read the scroll of teleportation, it crumbles to dust.
You feel strangely unstable. The iguana bites you!
You die...

.... #....
##.....
>...... ###
....... #.##
.......
##..##l.!....
#....@.......
##.<....%....
#........###
##.......#
###.....#
........
##.#.....
....... .....


You could see an iguana.

Vanquished Creatures
  A scorpion (D:3)
  2 orc wizards (D:3)
  4 adders
  A worm (D:2)
  2 dart slugs (D:1)
  5 orcs (D:3)
  10 ball pythons
  An endoplasm (D:1)
  2 giant cockroaches
  2 goblins
  8 hobgoblins
  2 jackals (D:1)
  7 kobolds
  A quokka (D:1)
  6 bats
  2 frilled lizards
  6 rats
62 creatures vanquished.

Notes
Turn   | Place    | Note
-------+----------+-------------------------------------------
     0 | D:1      | qw the Deep Elf Hunter began the quest for the Orb.
     0 | D:1      | Reached XP level 1. HP: 12/12 MP: 3/3
     0 | D:1      | 0 ||| qw: Version: 0.3-a-9-g12657ce
     0 | D:1      | 0 ||| qw: Game counter: 2715
     0 | D:1      | 0 ||| qw: Always use a shield: true
     0 | D:1      | 0 ||| qw: God list: Okawaru
     0 | D:1      | 0 ||| qw: Allow faded altars: false
     0 | D:1      | 0 ||| qw: Do Orc after D:15 true
     0 | D:1      | 0 ||| qw: Do second Lair branch before Depths: true
     0 | D:1      | 0 ||| qw: Lair rune preference: random
     0 | D:1      | 0 ||| qw: Plans: Normal
     0 | D:1      | 0 ||| PLANNING D:1-11
   183 | D:1      | Reached XP level 2. HP: 16/16 MP: 4/4
   192 | D:1      | Reached skill level 6 in Ranged Weapons
   210 | D:1      | HP: 3/16 [kobold/+0 short sword (3)]
   475 | D:1      | Reached XP level 3. HP: 20/20 MP: 5/5
   778 | D:1      | 778 ||| UPGRADING to +0 ring mail.
   788 | D:1      | 788 ||| DROPPING +0 leather armour.
   789 | D:1      | 789 ||| UPGRADING to +0 pair of gloves.
   794 | D:1      | 794 ||| UPGRADING to +6 ring of dexterity.
   795 | D:1      | 795 ||| READING scroll labelled SAASUSAPRI.
   796 | D:1      | 796 ||| READING 2 scrolls labelled TYIPSE SITABBUDIGG.
   797 | D:1      | 797 ||| READING scroll labelled NALIAD WOIFEORGH.
   801 | D:1      | 801 ||| READING 3 scrolls labelled ERITOUM QOZUST.
   802 | D:1      | 802 ||| READING scroll labelled SODAPR KUGIAKK.
   803 | D:1      | 803 ||| READING scroll labelled ZADIUSMOTEO.
   804 | D:1      | 804 ||| DROPPING scroll of butterflies.
   805 | D:1      | 805 ||| DROPPING 2 scrolls of fear.
  1031 | D:2      | Reached skill level 7 in Ranged Weapons
  1480 | D:2      | 1480 ||| UPGRADING to +4 ring of protection.
  1481 | D:2      | 1481 ||| DRINKING 2 fuming white potions.
  1482 | D:2      | 1482 ||| READING 3 scrolls of identify.
  1482 | D:2      | 1482 ||| IDENTIFYING cyan potion
  1483 | D:2      | 1483 ||| READING 2 scrolls of identify.
  1483 | D:2      | 1483 ||| IDENTIFYING coppery potion
  1522 | D:3      | Reached XP level 4. HP: 25/25 MP: 6/6
  1664 | D:3      | HP: 6/25 [poisoned by an adder]
  2092 | D:3      | Reached skill level 8 in Ranged Weapons
  2094 | D:3      | 2094 ||| DRINKING 3 potions of curing.
  2094 | D:3      | 2094 ||| (to cure confusion)
  2096 | D:3      | 2096 ||| DRINKING 2 potions of curing.
  2096 | D:3      | 2096 ||| (to cure confusion)
  2103 | D:3      | Reached skill level 3 in Dodging
  2109 | D:3      | Reached XP level 5. HP: 19/29 MP: 7/7
  2247 | D:3      | 2247 ||| UPGRADING to +0 cloak.
  2268 | D:4      | 2268 ||| STAIRDANCE
  2293 | D:4      | HP: 5/29 [iguana (5)]
  2294 | D:4      | 2294 ||| READING 2 scrolls of teleportation.
  2294 | D:4      | Slain by an iguana

Levels and vault maps discovered:
D:1:      lemuel_arrival_room, layout_loops_ring, grunt_decor_junction,
          st_stairs_11
D:2:      layout_loops_ring, kennysheep_generic_room_11
D:3:      layout_loops_ring
D:4:      layout_cave_pools, minmay_temple_entry_statues_pillars, serial_glass,
          glass_columns_b, glass_columns_b, pf_guarded_unrand_meek

Skill      XL: |  1  2  3  4 |
---------------+-------------+-----
Ranged Weapons | 6 7 8 |  8.9
Dodging        | 3 |  3.1
Fighting       | |  1.5
Stealth        | |  1.2

Action                     |  1- 3 |  4- 6 || total
---------------------------+-------+-------++-------
   Fire: Shortbow          |   122 |    74 ||   196
    Use: Scroll            |     8 |     1 ||     9
         Potion            |     1 |     2 ||     3
 Armour: Leather armour    |    11 |       ||    11
         Ring mail         |     9 |    26 ||    35
  Dodge: Dodged            |    64 |    18 ||    82

Table legend:
 A = Non-vault XP
 B = Vault XP
 C = Vault XP percentage of total XP
 D = Non-vault monster count
 E = Vault monster count
 F = Vault count percentage of total count
                 A         B        C        D         E       F
            +---------+---------+-------+---------+---------+-------
      Total |     302 |      11 |   3.5 |      57 |       5 |   8.1
            +---------+---------+-------+---------+---------+-------
        D:1 |      39 |       9 |  18.8 |      22 |       4 |  15.4
        D:2 |      35 |       2 |   5.4 |      14 |       1 |   6.7
        D:3 |     227 |       0 |   0.0 |      20 |       0 |   0.0
        D:4 |       1 |       0 |   0.0 |       1 |       0 |   0.0
            +---------+---------+-------+---------+---------+-------
